 Seeded DCSS version 0.30-a0-122-g2a1322497e (webtiles) character file.

Game seed: 10331017361650052518 (custom seed)

266 SigmundSlayer the Digger (level 6, -3/40 (41) HPs)
             Began as a Demonspawn Earth Elementalist on Sept 15, 2022.
             Slain by a wight
             ... wielding a +2 hand axe
              (9 damage)
             ... on level 4 of the Dungeon.
             The game lasted 00:04:19 (3752 turns).

SigmundSlayer the Digger (DsEE)                     Turns: 3752, Time: 00:04:19

HP:   -3/40 (41)    AC:  5    Str:  9    XL:     6   Next: 0%
MP:   3/9           EV: 12    Int: 18    God:
Gold: 240           SH:  0    Dex: 13    Spells: 8/9 levels left

rFire   + . .      SeeInvis .    (no weapon)
rCold   . . .      Faith    .    (no shield)
rNeg    . . .      Spirit   .    a - +0 robe
rPois   .          Reflect  .    l - +0 hat
rElec   .          Harm     .    (no cloak)
rCorr   .          Rampage  .    m - +0 pair of gloves
Will    .....                    (no boots)
Stlth   ++........               (no amulet)
HPRegen 0.13/turn                z - ring of protection from fire
MPRegen 0.11/turn                (no ring)

@: lightly drained
A: foul stench 1, spiny 1, sharp scales 2
a: no special abilities


You were on level 4 of the Dungeon.
You visited 1 branch of the dungeon, and saw 4 of its levels.

You collected 240 gold pieces.

Inventory:

Armour
 a - a +0 robe (worn)
 l - a +0 hat (worn)
 m - a +0 pair of gloves (worn)
Jewellery
 z - a ring of protection from fire (left hand)
Scrolls
 c - a scroll of amnesia {unknown}
 d - 2 scrolls of butterflies {unknown}
 f - 2 scrolls of teleportation {unknown}
 g - 4 scrolls of immolation {unknown}
 h - 2 scrolls of summoning {unknown}
 j - 2 scrolls of silence {unknown}
 q - a scroll of vulnerability {unknown}
 r - a scroll of enchant weapon {unknown}
 s - a scroll of magic mapping {unknown}
 v - 2 scrolls of noise {unknown}
 y - a scroll of identify {unknown}
Potions
 b - 2 potions of haste {unknown}
 e - a potion of heal wounds {unknown}
 i - a potion of cancellation {unknown}
 k - 3 potions of curing {unknown}
 n - 2 potions of degeneration {unknown}
 o - a potion of mutation {unknown}
 p - a potion of lignification {unknown}
 t - a potion of might {unknown}
 u - a potion of berserk rage {unknown}
 w - a potion of attraction {unknown}
 x - a potion of brilliance {unknown}


   Skills:
 - Level 1.7 Dodging
 - Level 1.7 Stealth
 - Level 0.5 Unarmed Combat
 - Level 2.0 Spellcasting
 - Level 0.8 Transmutations
 + Level 6.1 Earth Magic


You had 8 spell levels left.
You knew the following spells:

 Your Spells              Type           Power      Damage    Failure   Level
a - Sandblast             Erth           46%        2d11      1%          1

Your spell library contained the following spells:

 Spells                   Type           Power      Damage    Failure   Level
 Passwall                 Tmut/Erth      11%        N/A       7%          2
 Stone Arrow              Conj/Erth      24%        3d8       16%         3
 Necrotise                Necr           4%         1d4       19%         1
 Slow                     Hex            4%         N/A       19%         1
 Wereblood                Tmut           4%         N/A       19%         2
 Sublimation of Blood     Necr           1%         N/A       26%         2
 Petrify                  Tmut/Erth      14%        N/A       41%         4
 Confusing Touch          Hex            1%         N/A       47%         3
 Vampiric Draining        Necr           1%         2d6       47%         3
 Agony                    Necr           1%         N/A       99%         5
 Summon Hydra             Summ           0%         N/A       100%        7


Dungeon Overview and Level Annotations

Branches:
Dungeon (4/15)
 Temple: D:4-7

Altars:
Fedhas
Hepliaklqana
Qazlal


Innate Abilities, Weirdness & Mutations

You may rarely emit foul miasma when damaged in melee.
You are partially covered in sharp spines.
You are mostly covered in razor-sharp scales. (AC +2, Slay +2)


Message History

The blast of sand hits the wight but does no damage.
The wight hits you with a +2 hand axe!
The blast of sand hits the wight but does no damage.
The wight hits you with a +2 hand axe.
The blast of sand hits the wight but does no damage.
The wight is struck by your spines. The wight closely misses you.
The wight hits you with a +2 hand axe!
You are too injured to fight recklessly!
You are too injured to fight recklessly!
Aiming: Sandblast (safe; 1% risk of failure)
Press: ? - help, Q - select action Shift-Dir - straight line, f/p - wight
Aim: a wight, wielding a +2 hand axe and wearing a +0 robe (lightly damaged, 83% to hit)
The blast of sand hits the wight.
The wight is moderately damaged.
The wight hits you with a +2 hand axe!
* * * LOW HITPOINT WARNING * * *
Aiming: Sandblast (safe; 1% risk of failure)
Press: ? - help, Q - select action Shift-Dir - straight line, f/p - wight
Aim: a wight, wielding a +2 hand axe and wearing a +0 robe (moderately damaged, 83% to hit)
The blast of sand hits the wight but does no damage.
The wight is moderately damaged.
The wight is struck by your spines. The wight barely misses you.
The wight hits you with a +2 hand axe.
* * * LOW HITPOINT WARNING * * *
Aiming: Sandblast (safe; 1% risk of failure)
Press: ? - help, Q - select action Shift-Dir - straight line, f/p - wight
Aim: a wight, wielding a +2 hand axe and wearing a +0 robe (severely damaged, 83% to hit)
The blast of sand hits the wight.
The wight is almost destroyed.
The wight is struck by your spines. The wight barely misses you.
Aiming: Sandblast (safe; 1% risk of failure)
Press: ? - help, Q - select action Shift-Dir - straight line, f/p - wight
Aim: a wight, wielding a +2 hand axe and wearing a +0 robe (almost destroyed, 83% to hit)
The blast of sand misses the wight.
The wight hits you with a +2 hand axe.
* * * LOW HITPOINT WARNING * * *
You feel drained.
* * * LOW HITPOINT WARNING * * *
The wight hits you with a +2 hand axe!
You die...

... .......### ....
........
............ .....
..... .....#....
#...#.. #..z# ...
#.@# ... #..####...
#.###......#
#>.........#
#.####..#..# .
#..#..###.# ##.
##.........### ##..
#....#####...###...
#.....## #.#.......


You could see a wight.

Vanquished Creatures
  Natasha (thrice) (D:3)
  2 orc wizards (D:3)
  Terence (D:2)
  3 adders
  4 worms
  A dart slug (D:2)
  5 orcs (D:3)
  6 ball pythons
  4 bats
  7 endoplasms
  A giant cockroach (D:1)
  8 goblins
  3 hobgoblins
  4 jackals (D:1)
  3 kobolds
  3 quokkas
  5 frilled lizards (D:2)
  9 rats
72 creatures vanquished.

Notes
Turn   | Place    | Note
-------+----------+-------------------------------------------
     0 | D:1      | SigmundSlayer the Demonspawn Earth Elementalist began the
                  | quest for the Orb.
     0 | D:1      | Reached XP level 1. HP: 13/13 MP: 3/3
   151 | D:1      | Reached skill level 3 in Earth Magic
   279 | D:1      | Gained mutation: You are partially covered in razor-sharp
                  | scales. (AC +1, Slay +1) [demonic ancestry]
   279 | D:1      | Reached XP level 2. HP: 19/19 MP: 0/5
   927 | D:1      | You fall into a shaft and drop 1 floor!
   947 | D:2      | Found a faded altar of an unknown god.
  1431 | D:2      | Gained mutation: You may rarely emit foul miasma when
                  | damaged in melee. [demonic ancestry]
  1431 | D:2      | Reached XP level 3. HP: 24/24 MP: 3/6
  1563 | D:2      | Reached skill level 4 in Earth Magic
  2022 | D:2      | Reached XP level 4. HP: 30/30 MP: 5/7
  2078 | D:3      | Noticed Terence
  2078 | D:3      | Noticed Natasha
  2091 | D:2      | Killed Terence
  2270 | D:3      | Killed Natasha
  2271 | D:3      | Reached skill level 5 in Earth Magic
  2290 | D:3      | Noticed Natasha
  2294 | D:3      | Killed Natasha
  2295 | D:3      | Gained mutation: You are mostly covered in razor-sharp
                  | scales. (AC +2, Slay +2) [demonic ancestry]
  2295 | D:3      | Reached XP level 5. HP: 35/35 MP: 3/8
  2433 | D:3      | Noticed Natasha
  2437 | D:3      | Killed Natasha
  2816 | D:3      | Found a hazy altar of Hepliaklqana.
  2817 | D:3      | Found a stormy altar of Qazlal.
  2817 | D:3      | Found a blossoming altar of Fedhas.
  3110 | D:3      | Reached skill level 6 in Earth Magic
  3407 | D:3      | Gained mutation: You are partially covered in sharp spines.
                  | [demonic ancestry]
  3407 | D:3      | Reached XP level 6. HP: 41/41 MP: 7/9
  3752 | D:4      | Slain by a wight

Illustrated notes

Levels and vault maps discovered:
D:1:      dpeg_arrival_arbitrary_b, layout_basic
D:2:      layout_loops_ring, hellmonk_ecumenical_altar_heavens_door
D:3:      layout_basic, chequers_temple_overflow_statue_of_worship,
          small_statue_intersection, small_statue_intersection, uniq_terence,
          uniq_natasha
D:4:      layout_layer_cave, serial_shops, nicolae_take_the_stairs, uniq_pikel

Skill      XL: |  1  2  3  4  5 |
---------------+----------------+-----
Earth Magic    | 3 4 5 6 |  6.1
Dodging        | |  1.7
Stealth        | |  1.7
Unarmed Combat | |  0.5
Spellcasting   | |  2.0
Transmutations | |  0.8

Action                   |  1- 3 |  4- 6 || total
-------------------------+-------+-------++-------
Melee: Unarmed           |    24 |    13 ||    37
       Punch             |       |     1 ||     1
 Cast: Sandblast         |    57 |    55 ||   112
  Use: Potion            |     1 |       ||     1
Armor: Robe              |     9 |     7 ||    16
Dodge: Dodged            |    30 |    19 ||    49

Table legend: (Time is in decaauts)
 A = Elapsed time spent in this place.
 B = Non-inter-level travel time spent in this place.
 C = Inter-level travel time spent in this place.
 D = Time resting spent in this place.
 E = Time spent auto-exploring this place.
 F = Levels seen in this place.
 G = Mean time per level.
                   A        B        C        D        E       F      G
               +--------+--------+--------+--------+--------+-----+--------+
         Total |   3806 |   3715 |     91 |    548 |   2742 |   4 |  951.5 |
       Dungeon |   3806 |   3715 |     91 |    548 |   2742 |   4 |  951.5 |
               +--------+--------+--------+--------+--------+-----+--------+

Top non-repeatable levels by time:
     D:3: 1302 daAuts
     D:1: 1212 daAuts
     D:2: 1080 daAuts
     D:4: 211 daAuts
